 Dungeon Crawl Stone Soup version 0.29-a0-323-g050149af67 (webtiles) character file.

Game seed: 7321410705239767854

41505 Rick the Cleaver (level 13, -3/125 HPs)
             Began as a Minotaur Berserker on Apr 10, 2022.
             Was a High Priest of Trog.
             Slain by a death yak (11 damage)
             ... on level 6 of the Lair of Beasts.
             The game lasted 00:56:39 (13320 turns).

Rick the Cleaver (Minotaur Berserker)              Turns: 13320, Time: 00:56:39

Health: -3/125     AC: 20    Str: 28    XL:     13   Next: 80%
Magic:  12/12      EV: 10    Int:  1    God:    Trog [*****.]
Gold:   702        SH: 10    Dex: 14    Spells: 12/12 levels left

rFire   . . .      SeeInvis .   W - +4 broad axe (flame)
rCold   + . .      Faith    .   X - +0 tower shield
rNeg    . . .      Spirit   .   w - +2 chain mail {rC+}
rPois   +          Reflect  .   G - +2 hat
rElec   .          Harm     .   O - scarf {shadows}
rCorr   .          Rampage  .   (no gloves)
Will    ++...                   Q - +2 pair of boots {Stlth+}
Stlth   ..........              T - amulet of Mistrust {Regen+ Int-3 Dex+5}
HPRegen 2.10/turn               A - ring of poison resistance
MPRegen 0.13/turn               (no ring)

@: strong-willed, regenerating, studying Throwing
A: horns 2, retaliatory headbutt
a: Renounce Religion, Berserk, Trog's Hand, Brothers in Arms


You were on level 6 of the Lair of Beasts.
You worshipped Trog.
Trog was extremely pleased with you.
You visited 3 branches of the dungeon, and saw 17 of its levels.
You also visited: Ossuary.

You collected 942 gold pieces.
You spent 240 gold pieces at shops.

Inventory:

Hand Weapons
 W - a +4 broad axe of flaming (weapon)
Missiles
 b - a curare-tipped dart (quivered)
 c - 11 poisoned darts
 j - 5 boomerangs
Armour
 w - a +2 chain mail of cold resistance (worn)
 D - +0 acid dragon scales
 G - a +2 hat (worn)
 O - a scarf of shadows (worn)
 Q - a +2 pair of boots of stealth (worn)
 X - a +0 tower shield (worn)
Jewellery
 p - a ring of protection from fire
 t - an amulet of reflection
 y - a ring of protection from fire
 z - an amulet of regeneration
 A - a ring of poison resistance (left hand)
 I - an amulet of the acrobat
 S - the ring of the Castellan {+Blink Fly Dex+4}
   (You found it on level 4 of the Lair of Beasts)

   [ring of flight]

   Dex:       It affects your dexterity (+4).
   Fly:       It grants you flight.
   +Blink:    It lets you blink.
 T - the amulet of Mistrust (around neck) {Regen+ Int-3 Dex+5}
   (You found it on level 3 of the Dungeon)

   [amulet of regeneration]

   Int:       It affects your intelligence (-3).
   Dex:       It affects your dexterity (+5).
   Regen:     It increases your rate of health regeneration.
Wands
 i - a wand of flame (23)
 n - a wand of digging (6)
 v - a wand of paralysis (6)
 K - a wand of mindburst (8)
 U - a wand of iceblast (1)
Scrolls
 a - 3 scrolls of magic mapping {unknown}
 d - 16 scrolls of identify {unknown}
 f - 2 scrolls of fog {unknown}
 k - 4 scrolls of amnesia {unknown}
 l - 4 scrolls of enchant weapon {unknown}
 r - a scroll of brand weapon {unknown}
 s - 8 scrolls of noise {unknown}
 C - 16 scrolls of teleportation {unknown}
 E - a scroll of vulnerability {unknown}
 J - a scroll of holy word {unknown}
 L - 5 scrolls of enchant armour {unknown}
 M - 4 scrolls of blinking {unknown}
 R - a scroll of immolation {unknown}
 V - 2 scrolls of summoning {unknown}
 Z - 3 scrolls of fear {unknown}
Potions
 e - 4 potions of berserk rage {unknown}
 g - 5 potions of mutation {unknown}
 h - 2 potions of resistance {unknown}
 m - 3 potions of heal wounds {unknown}
 o - 2 potions of might {unknown}
 q - a potion of brilliance {unknown}
 u - 12 potions of curing {unknown}
 x - 5 potions of attraction {unknown}
 F - 2 potions of invisibility {unknown}
 H - 2 potions of ambrosia {unknown}
 N - 2 potions of degeneration {unknown}
 P - 2 potions of cancellation {unknown}
 Y - 4 potions of lignification {unknown}


   Skills:
 + Level 14.8 Fighting
 + Level 14.9 Axes
 + Level 14.6 Armour
 + Level 13.5 Dodging


You had 12 spell levels left.
You didn't know any spells.
Your spell library was empty.

Dungeon Overview and Level Annotations

Branches:
Dungeon (10/15)            Temple (1/1) D:5            Lair (6/6) D:8
 Shoals (0/4) Lair:3       Spider (0/4) Lair:3        Slime (0/5) Lair:6
    Orc (0/2) D:10        Ossuary (visited)

Altars:
Ashenzari
Cheibriados
Dithmenos
Elyvilon
Gozag
Hepliaklqana
Kikubaaqudgha
Makhleb
Nemelex Xobeh
Okawaru
Qazlal
Sif Muna
Trog
Vehumet
Wu Jian
Xom
Yredelemnul
Zin

Shops:
D:8 *   D:9 *

Annotations:
Lair:6 exclusion: 3 oklob plants


Innate Abilities, Weirdness & Mutations

You have a pair of horns on your head.
You reflexively headbutt those who attack you in melee.


Message History

The death yak is lightly wounded.
You hit the death yak but do no damage. You hit the death yak.
You burn the death yak. The death yak closely misses you.
You furiously retaliate!
You headbutt the death yak!
The wall burns the death yak!
The death yak gores you. You block the death yak's attack.
You slice the death yak!! You burn the death yak!
You headbutt the death yak, but do no damage.
The death yak is heavily wounded.
You slice the death yak!! You burn the death yak. You hit the death yak.
You burn the death yak. You block the death yak's attack.
The wall burns the death yak!
The death yak gores you but does no damage.
The death yak gores you!!
You slash the death yak! You burn the death yak.
Your headbutt misses the death yak.
The death yak is severely wounded.
You slash the death yak! You burn the death yak!
You hit the death yak but do no damage.
The death yak gores you but does no damage.
The wall burns the death yak!
The death yak gores you.
The wall burns the death yak! x2; You block the death yak's attack.
The death yak gores you!
Your skin crawls.
You feel strong-willed. The death yak gores you!
* * * LOW HITPOINT WARNING * * *
The death yak gores you!
* * * LOW HITPOINT WARNING * * *
The wall burns the death yak!
The death yak gores you.
* * * LOW HITPOINT WARNING * * *
You block the death yak's attack.
The wall burns the death yak!
The death yak closely misses you. You furiously retaliate!
You headbutt the death yak!
Your deep troll goes berserk!
The death yak gores you!
* * * LOW HITPOINT WARNING * * *
The wall burns the death yak!
The death yak closely misses you. The death yak gores you!
You die...

#####......#............P
#...#.....#.......+. ..
#.................##...
..###...............†..#... .#
..#....#...>...#††............
#.....................####.P .
###........................##.#
#.#P....#.....#Y...............
...............Y@...†..........
...............YYY......!......
.................T.............
.....P.........................
P..#.P.............≈≈≈≈...PP+#.
P.##..............≈≈≈≈≈≈≈....#
..P##.............≈≈≈≈≈≈≈≈.≈..#
...##............≈≈≈≈≈≈≈≈≈≈...#
.... ..........≈≈≈≈


You could see 5 death yaks and a friendly deep troll (summoned, berserk).

Vanquished Creatures
  3 hydras
  A two-headed ogre (D:10)
  A death yak (Lair:6)
  6 black mambas
  24 elephants
  13 cane toads
  2 kobold demonologists
  9 komodo dragons
  3 rime drakes (Lair:6)
  A hornet (D:7)
  A troll (D:10)
  Grinder (D:6)
  12 blink frogs
  4 dream sheep (Lair:4)
  6 wyverns
  63 yaks
  5 basilisks
  Grum (D:9)
  Edmund (D:6)
  2 acid dragons (D:9)
  10 water moccasins
  2 orc warriors
  A black bear (D:5)
  2 ogres
  2 centaurs
  12 wolves
  4 elf zombies (Ossuary)
  A phantom (D:5)
  2 kobold brigands
  18 bullfrogs
  21 wights
  15 killer bees
  2 howler monkeys (D:9)
  3 hounds
  2 centaur zombies (Ossuary)
  2 jellies
  4 orc priests
  A gnoll shaman (D:7)
  3 human zombies (Ossuary)
  2 iguanas
  2 orc wizards
  A statue (D:9)
  2 mummies (Ossuary)
  4 gnolls (D:7)
  6 adders
  A white imp (D:3)
  An ufetubus (D:4)
  3 adder zombies (Ossuary)
  4 worms
  7 dart slugs
  23 orcs
  6 endoplasms
  2 giant cockroaches
  A gnoll zombie (Ossuary)
  6 goblins
  4 hobgoblins
  5 jackals (D:1)
  14 kobolds
  6 quokkas
  9 ball pythons
  6 bats
  2 frilled lizards
  2 goblin zombies (Ossuary)
  2 hobgoblin zombies (Ossuary)
  2 jackal zombies (Ossuary)
  3 kobold zombies (Ossuary)
  An orc zombie (Ossuary)
  3 quokka zombies (Ossuary)
  7 rats
  2 rat zombies (Ossuary)
405 creatures vanquished.

Vanquished Creatures (others)
  A bush (Lair:6)
  21 fungi
  54 plants
76 creatures vanquished.

Grand Total: 481 creatures vanquished

Notes
Turn   | Place    | Note
-------+----------+-------------------------------------------
     0 | D:1      | Rick the Minotaur Berserker began the quest for the Orb.
     0 | D:1      | Reached XP level 1. HP: 19/19 MP: 0/0
   398 | D:1      | Reached XP level 2. HP: 23/27 MP: 1/1
   957 | D:2      | Reached ** piety under Trog
   965 | D:2      | Reached XP level 3. HP: 24/33 MP: 2/2
  1363 | D:2      | Reached XP level 4. HP: 40/40 MP: 3/3
  1854 | D:3      | Identified the amulet of Mistrust {Regen+ Int-3 Dex+5}
  2254 | D:3      | Reached XP level 5. HP: 47/47 MP: 4/4
  2857 | D:4      | Reached *** piety under Trog
  2878 | D:4      | Reached skill level 5 in Fighting
  2878 | D:4      | Reached skill level 5 in Axes
  3031 | D:4      | You fall into a shaft and drop 3 floors!
  3084 | D:6      | Noticed Grinder
  3085 | D:6      | Noticed an ogre
  3087 | D:6      | Noticed a water moccasin
  3101 | D:6      | Killed an ogre
  3101 | D:6      | Paralysed by Grinder for 7 turns
  3102 | D:6      | Reached XP level 6. HP: 56/56 MP: 5/5
  3112 | D:6      | Killed Grinder
  3113 | D:6      | Reached skill level 5 in Armour
  3113 | D:6      | Reached XP level 7. HP: 33/62 MP: 6/6
  3203 | D:6      | Noticed Edmund
  3216 | D:6      | Killed Edmund
  3217 | D:6      | Reached skill level 5 in Dodging
  3232 | D:5      | Entered Level 5 of the Dungeon
  3318 | D:5      | Reached XP level 8. HP: 44/71 MP: 7/7
  3328 | D:5      | Noticed a kobold demonologist
  3329 | D:5      | Noticed a hellwing
  3341 | D:5      | Killed a kobold demonologist
  3760 | D:5      | Found a sand-covered staircase.
  3768 | Ossuary  | Entered an ossuary
  3880 | Ossuary  | Reached **** piety under Trog
  3902 | Ossuary  | Reached XP level 9. HP: 81/81 MP: 8/8
  4093 | D:5      | Found a staircase to the Ecumenical Temple.
  4105 | Temple   | Entered the Ecumenical Temple
  5603 | D:8      | Found Deownae's Assorted Antiques.
  5620 | D:8      | Noticed a komodo dragon
  5631 | D:8      | Killed a komodo dragon
  5632 | D:8      | Reached XP level 10. HP: 19/91 MP: 9/9
  5742 | D:8      | Bought a runed chain mail for 240 gold pieces
  6014 | D:8      | Found a staircase to the Lair.
  6038 | D:9      | Found Lucrumpana's General Store.
  6140 | D:9      | Reached skill level 10 in Axes
  6149 | D:9      | Reached skill level 10 in Fighting
  6597 | D:9      | Reached skill level 10 in Armour
  6698 | D:9      | Found a radiant altar of Vehumet.
  6903 | D:9      | Noticed Grum
  6916 | D:9      | Killed Grum
  7128 | D:9      | Found a bloodstained altar of Trog.
  7197 | D:10     | Entered Level 10 of the Dungeon
  7236 | D:10     | Noticed a two-headed ogre
  7242 | D:10     | Killed a two-headed ogre
  7281 | D:10     | Found a staircase to the Orcish Mines.
  7374 | D:10     | Noticed a smoke demon
  7375 | D:10     | Reached ***** piety under Trog
  7589 | D:10     | Reached XP level 11. HP: 101/101 MP: 10/10
  8092 | Lair:1   | Entered Level 1 of the Lair of Beasts
  8152 | Lair:1   | Reached skill level 10 in Dodging
  9535 | Lair:2   | Reached XP level 12. HP: 108/112 MP: 11/11
  9956 | Lair:3   | Found a staircase to the Shoals.
 10499 | Lair:3   | Found a hole to the Spider Nest.
 10798 | Lair:4   | Identified the ring of the Castellan {+Blink Fly Dex+4}
 10867 | Lair:4   | Reached ****** piety under Trog
 10983 | Lair:4   | Noticed a four-headed hydra
 10992 | Lair:4   | Killed an eight-headed hydra
 11704 | Lair:5   | Reached XP level 13. HP: 115/123 MP: 12/12
 11785 | Lair:5   | Received a gift from Trog
 12878 | Lair:6   | Entered Level 6 of the Lair of Beasts
 13133 | Lair:6   | Found a staircase to the Slime Pits.
 13320 | Lair:6   | Slain by a death yak

Illustrated notes

Levels and vault maps discovered:
D:1:      dpeg_chamrin_arrival_tetris, layout_basic
D:2:      layout_basic, minmay_hexomino_p4
D:3:      layout_basic
D:4:      kennysheep_slugbush, layout_loops_corners,
          gammafunk_temple_overflow_forgotten
D:5:      layout_cave_pools, minmay_temple_entry_fiery, enter_ossuary_1,
          amcnicky_mini_rare_corridor_liquid
D:6:      layout_basic, fedhas_altar_2, serial_bayou_crossing, uniq_edmund,
          uniq_maggie, uniq_grinder
D:7:      layout_loops_ring
D:8:      layout_basic, david_lair_shrubbed, serial_shops,
          nicolae_shop_temple_entry_statues_fountains
D:9:      layout_basic, lightli_temple_of_fire, vehumet_statue, serial_shops,
          nicolae_shop_waterfront, uniq_grum
D:10:     layout_basic, orc_0_dummy
Temple:   eino_temple_scatter_basement
Lair:1:   layout_hall_layers
Lair:2:   layout_roguey, st_stairs_11, minivault_23
Lair:3:   layout_chaotic_city, elwin_shoals_entry_rocks,
          spider_nest_entry_web_field, infiniplex_staircase_pool_2
Lair:4:   layout_long_grid, serial_forest, infiniplex_forest_clump_double,
          infiniplex_forest_straight_3, infiniplex_forest_straight_3,
          infiniplex_forest_pool, infiniplex_forest_lined_room_,
          infiniplex_forest_clump_large, infiniplex_forest_straight_2
Lair:5:   layout_cave_pods
Lair:6:   grunt_lair_end_beastmaster, layout_regular_city,
          nicolae_slime_entry_slimehenge, portal_ice_cave_demonic_guard,
          dpeg_oklob_1, grunt_megastairs_2, infiniplex_staircase_pool

Skill      XL: |  1  2  3  4  5  6  7  8  9 10 11 12 13 |
---------------+----------------------------------------+-----
Fighting       | 4 5 6 7 9 10 12 13 14 | 14.8
Axes           | 4 5 6 7 9 10 12 13 14 | 14.9
Armour         | 3 4 5 6 7 9 10 12 13 14 | 14.6
Dodging        | 3 4 5 6 8 9 11 12 13 | 13.5

Action                   |  1- 3 |  4- 6 |  7- 9 | 10-12 | 13-15 || total
-------------------------+-------+-------+-------+-------+-------++-------
Melee: Hand axe          |   106 |   100 |       |       |       ||   206
       Headbutt          |    12 |    22 |    50 |   102 |    41 ||   227
       Battleaxe         |       |     7 |   247 |   407 |    33 ||   694
       Broad axe         |       |       |       |       |   127 ||   127
Invok: Berserk           |       |     1 |     4 |     4 |     1 ||    10
       Trog's Hand       |       |       |     1 |     2 |     1 ||     4
       Brothers in Arms  |       |       |       |       |     1 ||     1
 Stab: Sleeping          |       |       |     1 |       |       ||     1
Armor: Scale mail        |    45 |    50 |    69 |       |       ||   164
       Ring mail         |       |       |    42 |       |       ||    42
       Chain mail        |       |       |       |   252 |   124 ||   376
Dodge: Dodged            |    25 |    27 |   167 |   317 |   111 ||   647
Block: Tower shield      |    63 |    50 |       |       |    78 ||   191

Table legend: (Time is in decaauts)
 A = Elapsed time spent in this place.
 B = Non-inter-level travel time spent in this place.
 C = Inter-level travel time spent in this place.
 D = Time resting spent in this place.
 E = Time spent auto-exploring this place.
 F = Levels seen in this place.
 G = Mean time per level.
                   A        B        C        D        E       F      G
               +--------+--------+--------+--------+--------+-----+--------+
         Total |  13700 |  12760 |    940 |     54 |   9653 |  18 |  761.1 |
       Dungeon |   8097 |   7409 |    688 |     54 |   5470 |  10 |  809.7 |
        Temple |    196 |    185 |     11 |      0 |    165 |   1 |  196.0 |
          Lair |   5193 |   4953 |    240 |      0 |   3973 |   6 |  865.5 |
       Ossuary |    213 |    213 |      0 |      0 |     45 |   1 |  213.0 |
               +--------+--------+--------+--------+--------+-----+--------+

Top non-repeatable levels by time:
     D:9: 1212 daAuts
  Lair:5: 1104 daAuts
  Lair:1: 1041 daAuts
     D:3: 1002 daAuts
     D:1: 985 daAuts
     D:7: 896 daAuts
  Lair:2: 891 daAuts
    D:10: 867 daAuts
     D:2: 858 daAuts
  Lair:4: 857 daAuts
  Lair:3: 817 daAuts
     D:5: 767 daAuts
     D:8: 759 daAuts
  Lair:6: 480 daAuts
     D:6: 451 daAuts
